 Dungeon Crawl Stone Soup version 0.31-a0-177-g4aa6249778 (webtiles) character file.

Game seed: 5237634102369125279

46 qw the Shooter (level 3, 0/32 HPs)
             Began as a Naga Hunter on June 18, 2023.
             Slain by an adder (2 damage)
             ... on level 2 of the Dungeon.
             The game lasted 00:00:13 (624 turns).

qw the Shooter (Naga Hunter)                         Turns: 624, Time: 00:00:14

Health: 0/32       AC:  2    Str: 13    XL:     3   Next: 68%
Magic:  3/3        EV:  9    Int:  9    God:
Gold:   48         SH:  0    Dex: 16    Spells: 2/2 levels left

rFire   . . .        Y - +0 shortbow
rCold   . . .        (shield currently unavailable)
rNeg    . . .        c - +0 leather armour
rPois   +            (no helmet)
rElec   .            (no cloak)
rCorr   .            (no gloves)
SInv    +            (no barding)
Will    .....        (no amulet)
Stlth   ++           (no ring)
HPRegen 0.25/turn    (no ring)
MPRegen 0.08/turn

%: no passive effects
@: lethally poisoned (0 -> -5), short of breath, very slow
A: AC +1, large, see invisible, deformed body, poison resistance, slowness 2,
spit poison 1, naga tail 1
a: Spit Poison


You were on level 2 of the Dungeon.
You visited 1 branch of the dungeon, and saw 2 of its levels.

You collected 48 gold pieces.


Innate Abilities, Weirdness & Mutations

Your serpentine skin is tough. (AC +1)
You have supernaturally acute eyesight. (SInv)
Armour fits poorly on your strangely shaped body.
Your system is resistant to poisons. (rPois)
You cover ground very slowly.
You can spit poison.
You have a snake-like lower body.


   Skills:
 - Level 2.0 Fighting
 + Level 4.8 Ranged Weapons
 - Level 1.5 Dodging
 - Level 1.5 Stealth


You had 2 spell levels left.
You didn't know any spells.
Your spell library was empty.

Inventory:

Hand Weapons
 Y - a +0 shortbow (weapon)
Armour
 c - a +0 leather armour (worn)
Potions
 e - a potion of enlightenment {unknown}
 f - a potion of ambrosia {unknown}
 g - a potion of attraction {unknown}

Dungeon Overview and Level Annotations

Branches:
Dungeon (2/15)

Altars:


Message History

The goblin closely misses you.
You have reached level 3!
Your experience leads to an increase in your attributes!
Increase (S)trength, (I)ntelligence, or (D)exterity?
You feel agile. x2; Your skin feels tougher.
You shoot an arrow. The arrow closely misses the goblin.
The goblin hits you with a +0 dagger.
You shoot an arrow. The arrow hits the goblin.
The goblin is moderately wounded.
You have got your breath back.
The goblin hits you with a +0 dagger.
A goblin comes into view. It is wielding a +0 dagger.
620 ||| INVOKING Spit Poison.
Aiming: Spit Poison (2% risk of failure)
Press: ? - help, Shift-Dir - straight line, f/p - goblin The splash of poison hits the goblin.
The goblin is poisoned.
You kill the goblin!
You shoot an arrow. The arrow barely misses the adder.
The adder bites you.
You are poisoned.
The adder poisons you! The adder bites you.
You are lethally poisoned!
The adder poisons you!
You shoot an arrow. The arrow closely misses the adder.
You feel very sick. The goblin hits you but does no damage.
The goblin closely misses you. The adder closely misses you.
The goblin hits you with a +0 dagger. The goblin barely misses you.
You shoot an arrow. The arrow hits the adder.
The adder is lightly wounded.
You have got your breath back.
You feel very sick. The adder bites you. The adder closely misses you.
The goblin completely misses you. The goblin closely misses you.
624 ||| INVOKING Spit Poison.
Aiming: Spit Poison (2% risk of failure)
Press: ? - help, Shift-Dir - straight line, f/p - adder The splash of poison misses the adder.
You feel sick. The adder bites you.
You die...

...%. ..?..
...... ......
##########......
#.....<..g......
#.......gg......
#$.(....@..%!...
#.......)S......
#...............
#........#......
#####.#####.....
.. ...!. ...
...$ #.. ....


You could see an adder and 3 goblins.

Vanquished Creatures
  Jessica (D:2)
  A ball python (D:1)
  2 endoplasms (D:1)
  A giant cockroach (D:2)
  A goblin (D:2)
  3 hobgoblins
  3 bats (D:1)
  2 frilled lizards (D:1)
  5 kobolds (D:1)
19 creatures vanquished.

Notes
Turn   | Place    | Note
-------+----------+-------------------------------------------
     0 | D:1      | qw the Naga Hunter began the quest for the Orb.
     0 | D:1      | Reached XP level 1. HP: 19/19 MP: 1/1
     0 | D:1      | 0 ||| qw: Version: 0.3-a-7-ge0c9b40
     0 | D:1      | 0 ||| qw: Game counter: 814
     0 | D:1      | 0 ||| qw: Always use a shield: true
     0 | D:1      | 0 ||| qw: God list: Okawaru
     0 | D:1      | 0 ||| qw: Allow faded altars: false
     0 | D:1      | 0 ||| qw: Do Orc after D:15 true
     0 | D:1      | 0 ||| qw: Do second Lair branch before Depths: true
     0 | D:1      | 0 ||| qw: Lair rune preference: random
     0 | D:1      | 0 ||| qw: Plans: Normal
     0 | D:1      | 0 ||| PLANNING D:1-11
    12 | D:1      | 12 ||| INVOKING Spit Poison.
    68 | D:1      | 68 ||| INVOKING Spit Poison.
   137 | D:1      | 137 ||| INVOKING Spit Poison.
   145 | D:1      | 145 ||| INVOKING Spit Poison.
   154 | D:1      | 154 ||| INVOKING Spit Poison.
   156 | D:1      | Reached skill level 4 in Ranged Weapons
   156 | D:1      | Reached XP level 2. HP: 26/26 MP: 2/2
   220 | D:1      | 220 ||| INVOKING Spit Poison.
   235 | D:1      | 235 ||| INVOKING Spit Poison.
   248 | D:1      | 248 ||| INVOKING Spit Poison.
   270 | D:1      | 270 ||| INVOKING Spit Poison.
   339 | D:1      | 339 ||| INVOKING Spit Poison.
   578 | D:1      | 578 ||| DROPPING scarf of shadows.
   579 | D:1      | 579 ||| READING 2 scrolls labelled QIJASOE RUNELL.
   580 | D:1      | 580 ||| READING scroll labelled ZODEECHA TECU.
   585 | D:1      | 585 ||| READING scroll labelled RAELEL SISY.
   586 | D:1      | 586 ||| DROPPING scroll of vulnerability.
   587 | D:1      | 587 ||| DROPPING scroll of butterflies.
   606 | D:2      | 606 ||| INVOKING Spit Poison.
   610 | D:2      | Noticed Jessica
   614 | D:2      | 614 ||| INVOKING Spit Poison.
   617 | D:2      | Killed Jessica
   618 | D:2      | Reached XP level 3. HP: 18/32 MP: 3/3
   620 | D:2      | 620 ||| INVOKING Spit Poison.
   622 | D:2      | HP: 8/32 [poisoned by an adder]
   623 | D:2      | HP: 3/32 [adder (1)]
   624 | D:2      | 624 ||| INVOKING Spit Poison.
   624 | D:2      | Slain by an adder

Levels and vault maps discovered:
D:1:      evilmike_arrival_plus, layout_basic, serial_curves, eino_curves_03,
          eino_curves_02, minmay_hexomino_f4
D:2:      layout_rooms, ebering_ecumenical_altar_ruins, basic_altar,
          uniq_jessica, uniq_robin

Skill      XL: |  1 |
---------------+----+-----
Ranged Weapons | 4 |  4.8
Fighting       | |  2.0
Dodging        | |  1.5
Stealth        | |  1.5

Action                     || total
---------------------------++-------
   Fire: Shortbow          ||    35
Ability: Spit Poison       ||    14
    Use: Scroll            ||     3
 Armour: Leather armour    ||     5
  Dodge: Dodged            ||    11

Table legend:
 A = Non-vault XP
 B = Vault XP
 C = Vault XP percentage of total XP
 D = Non-vault monster count
 E = Vault monster count
 F = Vault count percentage of total count
                 A         B        C        D         E       F
            +---------+---------+-------+---------+---------+-------
      Total |      21 |      46 |  68.7 |      13 |       6 |  31.6
            +---------+---------+-------+---------+---------+-------
        D:1 |      19 |       5 |  20.8 |      12 |       3 |  20.0
        D:2 |       2 |      41 |  95.3 |       1 |       3 |  75.0
            +---------+---------+-------+---------+---------+-------
